AoeStats
← John Hawkwood

Runestones

508269540Analyzed
1v1 RM · 11d ago on Sep 21, 2026· 33m 59s· 2 players
Game mode
Random Map
Map size
Tiny (2 player)
Population
200
Speed
Normal
Resources
Standard
Victory
Conquest
Starting age
Dark Age
Ending age
Imperial Age
RankedLock teamsTeams togetherTeam positionsShared explorationLock speedFull tech treeHidden civsTurbo modeCheats
Victory
Defeat
🇧🇷 Celts · Brazil
1092
+14
🇺🇸 Mongols · United States
1053
-14
John Hawkwood
9:00 Feudal Age
9:11 Feudal Age
9:33 Loom
13:17 Bloodlines
15:26 Horse Collar
20:27 Castle Age
18:30 Double-Bit Axe
21:29 Fletching
24:34 Scale Barding Armor
25:09 Bow Saw
28:16 Wheelbarrow
CTibas
7:39 Loom
9:42 Feudal Age
18:14 Forging
20:09 Fletching
23:33 Castle Age
21:56 Double-Bit Axe
23:55 Scale Mail Armor
27:14 Pikeman
Connection lost

Rejoining the realm…

Still unreachable

The connection could not be restored.

Session expired

The server has moved on; the page needs a fresh start.